 Dungeon Crawl Stone Soup version 0.30-a0-1103-g25895a7845 (webtiles) character file.

Game seed: 3339104524845296314

68 Strat the Chopper (level 4, -12/30 (37) HPs)
             Began as a Hill Orc Reaver on Apr 18, 2023.
             Mangled by an ogre
             ... wielding a +0 giant club
              (17 damage)
             ... on level 2 of the Dungeon.
             The game lasted 00:03:26 (1731 turns).

Strat the Chopper (Hill Orc Reaver)                 Turns: 1731, Time: 00:03:27

HP:   -12/30 (37)   AC:  4    Str: 16    XL:     4   Next: 19%
MP:   5/6           EV: 11    Int: 13    God:
Gold: 153           SH:  0    Dex:  9    Spells: 3/6 levels left

rFire   . . .      SeeInvis .    a - +0 hand axe
rCold   . . .      Faith    .    (no shield)
rNeg    . . .      Spirit   .    b - +0 leather armour
rPois   .          Reflect  .    (no helmet)
rElec   .          Rampage  .    h - +0 cloak
rCorr   .                        (no gloves)
Will    .....                    (no boots)
Stlth   +                        k - amulet of regeneration
HPRegen 1.05/turn                (no ring)
MPRegen 0.10/turn                (no ring)

@: heavily drained
A: no striking features
a: no special abilities


You were on level 2 of the Dungeon.
You visited 1 branch of the dungeon, and saw 2 of its levels.

You collected 153 gold pieces.

Inventory:

Hand Weapons
 a - a +0 hand axe (weapon)
Missiles
 e - 6 poisoned darts
Armour
 b - a +0 leather armour (worn)
 h - a +0 cloak (worn)
Jewellery
 k - an amulet of regeneration (around neck)
Scrolls
 c - 2 scrolls of blinking {unknown}
 d - a scroll of enchant weapon {unknown}
 g - a scroll of vulnerability {unknown}
 i - 2 scrolls of identify {unknown}
 j - 4 scrolls of teleportation {unknown}
Potions
 f - a potion of curing {unknown}


   Skills:
 - Level 2.4 Fighting
 + Level 5.8 Axes
 + Level 2.1 Armour
 - Level 1.5 Dodging
 - Level 1.5 Spellcasting
 - Level 3.0 Conjurations


You had 3 spell levels left.
You knew the following spells:

 Your Spells              Type           Power      Damage    Failure   Level
a - Kiss of Death         Conj/Necr      16%        2d6       19%         1
b - Momentum Strike       Conj/Tloc      8%         3d8       26%         2

Your spell library contained the following spells:

 Spells                   Type           Power      Damage    Failure   Level
 Scorch                   Fire           2%         2d5       45%         2
 Hailstorm                Conj/Ice       4%         3d4       47%         3
 Flame Wave               Conj/Fire      4%         2d5       87%         4
 Summon Cactus Giant      Summ           0%         N/A       100%        6


Dungeon Overview and Level Annotations

Branches:
Dungeon (2/15)

Altars:

Shops:
D:1 [


Message History

You miscast Kiss of Death.
You are very lightly contaminated with residual magic.
Nothing appears to happen.
The ogre closely misses you.
Casting: Kiss of Death (safe; 19% risk of failure)
Confirm with . or Enter, or press ? or * to list all spells.
Aiming: Kiss of Death (safe; 19% risk of failure)
Press: ? - help, Shift-Dir - straight line, f/p - ogre
Aim: an ogre, wielding a +0 giant club (100% to hit)
The negative energy hits the ogre.
The ogre is drained!
The ogre is heavily wounded.
You feel drained. The ogre closely misses you.
You hit the ogre but do no damage.
The ogre is heavily wounded.
You hit the ogre.
The ogre is heavily wounded.
The ogre hits you with a +0 giant club!
* * * LOW HITPOINT WARNING * * *
You hit the ogre.
The ogre is heavily wounded.
The ogre misses you.
Unknown command.
You hit the ogre.
The ogre is severely wounded.
You hit the ogre but do no damage.
The ogre is severely wounded.
The ogre barely misses you.
Your magical contamination has completely faded away.
You hit the ogre but do no damage.
The ogre is severely wounded.
The ogre hits you with a +0 giant club!!
Ouch! That really hurt!
* * * LOW HITPOINT WARNING * * *
You completely miss the ogre.
The ogre is severely wounded.
Unknown command.
You hit the ogre.
The ogre is almost dead.
The ogre hits you with a +0 giant club!
Ouch! That really hurt!
You die...

################ #.
................ #.
########........ #. #.####### #>
#.# #### #####.### ###.######
...# #.......# #.#......# ##.#
##.......#####.#......# #)#
#.....†@.......#......# #.#
#.######O#####.#......# #.#
#....#.#..##.#.###### ##.#
#....#.....#.#.#
...#######.#...<..........#######
.>...............................
....######.#..#...........#.#####
....###### #########......#.#####
.........# .....[..#......


You could see an ogre (drained).

Vanquished Creatures
  2 adders (D:2)
  2 worms (D:2)
  2 dart slugs (D:2)
  4 ball pythons
  4 endoplasms
  2 giant cockroaches (D:1)
  5 goblins
  4 hobgoblins
  2 quokkas (D:2)
  2 bats
  2 frilled lizards
  3 kobolds (D:2)
  5 rats
39 creatures vanquished.

Notes
Turn   | Place    | Note
-------+----------+-------------------------------------------
     0 | D:1      | Strat the Hill Orc Reaver began the quest for the Orb.
     0 | D:1      | Reached XP level 1. HP: 18/18 MP: 3/3
   189 | D:1      | Reached XP level 2. HP: 21/25 MP: 4/4
   216 | D:1      | Learned a level 2 spell: Momentum Strike
   426 | D:1      | Found Mahuh's Armour Boutique.
   449 | D:1      | Reached skill level 5 in Axes
   820 | D:2      | Reached skill level 1 in Armour
   820 | D:2      | Reached XP level 3. HP: 17/30 MP: 5/5
  1404 | D:2      | Reached XP level 4. HP: 31/36 MP: 6/6
  1510 | D:2      | Noticed an ogre
  1731 | D:2      | Mangled by an ogre

Illustrated notes

Levels and vault maps discovered:
D:1:      zaba_arrival_water, layout_loops_cross, serial_shops, shop, hex_large,
          hex_tiny, st_stairs_4, minivault_5
D:2:      layout_basic, minmay_box_of_dots

Skill      XL: |  1  2  3 |
---------------+----------+-----
Axes           | 5 |  5.8
Armour         | 1 2 |  2.1
Fighting       | |  2.4
Dodging        | |  1.5
Spellcasting   | |  1.5
Conjurations   | |  3.0

Action                     |  1- 3 |  4- 6 || total
---------------------------+-------+-------++-------
  Melee: Hand axe          |   108 |    32 ||   140
   Cast: Kiss of Death     |     1 |     1 ||     2
 Armour: Leather armour    |    33 |     8 ||    41
  Dodge: Dodged            |    72 |    12 ||    84

Table legend: (Time is in decaauts)
 A = Elapsed time spent in this place.
 B = Non-inter-level travel time spent in this place.
 C = Inter-level travel time spent in this place.
 D = Time resting spent in this place.
 E = Time spent auto-exploring this place.
 F = Levels seen in this place.
 G = Mean time per level.
                   A        B        C        D        E       F      G
               +--------+--------+--------+--------+--------+-----+--------+
         Total |   1745 |   1636 |    109 |    153 |   1135 |   2 |  872.5 |
       Dungeon |   1745 |   1636 |    109 |    153 |   1135 |   2 |  872.5 |
               +--------+--------+--------+--------+--------+-----+--------+

Top non-repeatable levels by time:
     D:1: 920 daAuts
     D:2: 825 daAuts
